 Dungeon Crawl Stone Soup version 0.28-a0-724-g66f9036eb4 (webtiles) character file.

Game seed: 227740585852244774

106 flotson the Sneak (level 4, -1/35 HPs)
             Began as a Demonspawn Delver on Oct 26, 2021.
             Killed from afar by an orc wizard (10 damage)
             ... with a magic dart
             ... on level 3 of the Dungeon.
             The game lasted 00:03:34 (2584 turns).

flotson the Sneak (Demonspawn Delver)               Turns: 2584, Time: 00:03:34

Health: -1/35      AC:  6    Str: 13    XL:     4   Next: 55%
Magic:  4/4        EV:  9    Int: 16    God:
Gold:   163        SH:  4    Dex: 14    Spells: 3/3 levels left

rFire   . . .      SeeInvis .   a - +0 hand axe
rCold   . . .      Faith    .   i - +0 buckler
rNeg    . . .      Spirit   .   h - +0 scale mail
rPois   +          Reflect  .   (no helmet)
rElec   .          Harm     +   b - scarf {harm}
rCorr   .          Rampage  .   (no gloves)
Will    .....                   (no boots)
Stlth   +.........              (no amulet)
HPRegen 0.11/turn               r - ring of poison resistance
MPRegen 0.09/turn               (no ring)

@: no status effects
A: big brain 2
a: no special abilities


You were on level 3 of the Dungeon.
You visited 1 branch of the dungeon, and saw 5 of its levels.

You collected 163 gold pieces.

Inventory:

Hand Weapons
 a - a +0 hand axe (weapon)
Missiles
 k - a boomerang
 m - 2 poisoned darts (quivered)
Armour
 b - a scarf of harm (worn)
 h - a +0 scale mail (worn)
 i - a +0 buckler (worn)
Jewellery
 r - a ring of poison resistance (left hand)
Wands
 g - a wand of digging (3)
Scrolls
 c - a scroll of fog
 d - a scroll of magic mapping
 e - 2 scrolls of fear
 n - 2 scrolls of noise {unknown}
 t - a scroll of teleportation {unknown}
Potions
 f - a potion of haste
 j - a potion of invisibility {unknown}
 l - a potion of flight {unknown}
 o - 2 potions of degeneration {unknown}
 p - a potion of curing {unknown}
 q - a potion of might {unknown}
 s - a potion of magic {unknown}


   Skills:
 + Level 3.5 Fighting
 + Level 2.4 Axes
 + Level 1.1 Throwing
 + Level 1.4 Armour
 + Level 2.4 Dodging
 - Level 4.5 Stealth
 + Level 1.0 Shields


You had 3 spell levels left.
You didn't know any spells.
Your spell library contained the following spells:

 Spells                   Type           Power      Damage    Failure   Level
 Sandblast                Erth           0%         2d4       87%         1
 Passwall                 Tmut/Erth      0%         N/A       95%         2
 Static Discharge         Conj/Air       0%         N/A       95%         2
 Stone Arrow              Conj/Erth      0%         3d7       99%         3
 Dispel Undead            Necr           0%         3d6       100%        4
 Sticky Flame             Conj/Fire      0%         2d3       100%        4


Dungeon Overview and Level Annotations

Branches:
Dungeon (5/15)
 Temple: D:4-7

Altars:
Dithmenos
Vehumet


Innate Abilities, Weirdness & Mutations

You have an extremely huge brain. (Int +4)


Message History

Aim: an orc wizard, wielding a +0 dagger and wearing a +0 robe (heavily wounded, 51% to hit)
You throw a poisoned dart.
The poisoned dart closely misses the orc wizard.
The poisoned dart closely misses the orc.
The orc wizard hits you with a +0 dagger.
Throw: 3 darts (poison)
Press: ? - help, Q - select action, (/) - cycle Shift-Dir - straight line, f/p - orc wizard
Aim: an orc wizard, wielding a +0 dagger and wearing a +0 robe (heavily wounded, 51% to hit)
You throw a poisoned dart. The poisoned dart hits the orc wizard.
The orc wizard is poisoned.
The orc wizard is heavily wounded.
The orc wizard gestures at you while chanting.
You are confused.
Unknown command.
You bump into the rock wall.
The orc wizard hits you but does no damage.
You closely miss the orc wizard.
The orc wizard is severely wounded.
The orc wizard hits you but does no damage.
You bump into the rock wall.
The orc wizard closely misses you.
You bump into the rock wall.
The orc wizard gestures wildly while chanting.
The orc wizard flickers and vanishes!
Deactivating autopickup; reactivate with Ctrl-A.
You hear some strange, mumbled words.
A puff of flame appears from out of thin air!
The puff of flame hits you!
You completely miss something. Something hits you.
You bump into the rock wall.
You feel less confused. Something hits you.
You hit something.
You hear some strange, mumbled words.
Something tries to affect you, but you resist.
You barely miss something. Something hits you.
You miss something. Something hits you.
* * * LOW HITPOINT WARNING * * *
A magic dart appears from out of thin air!
The magic dart hits you!
You die...

######## #.[....#
#......# #......#
#......#
#.#......#
#...<....########
#####.)..........
#.##.@.######.#
#.##...........
#.#####{######.
#.# #o#.. #.#
#(#r# #.#####)#.#
#.......(.#
#######.##......
#(. .o...


You could see an orc.

Vanquished Creatures
  A hound skeleton (D:4)
  A howler monkey zombie (D:5)
  An adder (D:2)
  2 dart slugs
  3 orcs
  7 ball pythons
  3 bats
  7 endoplasms
  8 goblins
  4 hobgoblins
  2 jackals (D:1)
  3 kobolds
  3 quokkas
  2 frilled lizards (D:1)
  16 rats
63 creatures vanquished.

Notes
Turn   | Place    | Note
-------+----------+-------------------------------------------
     0 | D:5      | flotson the Demonspawn Delver began the quest for the Orb.
     0 | D:5      | Reached XP level 1. HP: 18/18 MP: 1/1
    46 | D:5      | Gained mutation: You have an unusually large brain. (Int
                  | +2) [demonic ancestry]
    46 | D:5      | Reached XP level 2. HP: 14/24 MP: 2/2
   252 | D:4      | Found a shadowy altar of Dithmenos.
   303 | D:4      | Found a radiant altar of Vehumet.
   377 | D:4      | Reached skill level 1 in Armour
   377 | D:4      | Reached XP level 3. HP: 24/29 MP: 3/3
   920 | D:2      | Found a faded altar of an unknown god.
  1327 | D:1      | Gained mutation: You have an extremely huge brain. (Int +4)
                  | [demonic ancestry]
  1327 | D:1      | Reached XP level 4. HP: 32/35 MP: 4/4
  2005 | D:2      | Reached skill level 1 in Throwing
  2354 | D:2      | Reached skill level 1 in Shields
  2584 | D:3      | Killed from afar by an orc wizard

Illustrated notes

Levels and vault maps discovered:
D:1:      arrival_zaba_pyramid, layout_basic, hangedman_decor_clover_reticule
D:2:      layout_loops_ring, hellmonk_ecumenical_altar_arch_garden,
          nrook_mini_vaults, minmay_rat_gold_closets
D:3:      layout_basic, grunt_temple_overflow_bloody_war, amcnicky_altar_gilded,
          gammafunk_ghost_stat_death, kennysheep_generic_room_7, uniq_sigmund,
          uniq_jessica
D:4:      layout_rooms, mainiacjoe_overflow_surrounded_room,
          nicolae_dithmenos_through_a_glass_darkly
D:5:      layout_basic, lemuel_flamethrower_1

Skill      XL: |  1  2  3  4 |
---------------+-------------+-----
Axes           | 2 |  2.4
Dodging        | 2 |  2.4
Armour         | 1 |  1.4
Throwing       | 1 |  1.1
Shields        | 1 |  1.0
Fighting       | |  3.5
Stealth        | |  4.5

Action                   |  1- 3 |  4- 6 || total
-------------------------+-------+-------++-------
Melee: Hand axe          |   112 |    97 ||   209
Throw: Dart              |     3 |     6 ||     9
  Use: Potion            |     1 |       ||     1
 Stab: Sleeping          |     1 |     5 ||     6
Armor: Scale mail        |    61 |    32 ||    93
Dodge: Dodged            |    43 |    39 ||    82
Block: Buckler           |    26 |    17 ||    43

Table legend: (Time is in decaauts)
 A = Elapsed time spent in this place.
 B = Non-inter-level travel time spent in this place.
 C = Inter-level travel time spent in this place.
 D = Time resting spent in this place.
 E = Time spent auto-exploring this place.
 F = Levels seen in this place.
 G = Mean time per level.
                   A        B        C        D        E       F      G
               +--------+--------+--------+--------+--------+-----+--------+
         Total |   2624 |   2586 |     38 |      7 |   2049 |   5 |  524.8 |
       Dungeon |   2624 |   2586 |     38 |      7 |   2049 |   5 |  524.8 |
               +--------+--------+--------+--------+--------+-----+--------+

Top non-repeatable levels by time:
     D:1: 1088 daAuts
     D:2: 892 daAuts
     D:4: 285 daAuts
     D:5: 194 daAuts
     D:3: 164 daAuts
